 Dungeon Crawl Stone Soup version 0.21.1-1-g345015f (webtiles) character file.

105 shakethe the Firebug (level 4, 0/24 HPs)
             Began as a Gargoyle Fire Elementalist on Feb 8, 2018.
             Slain by shakethe's ghost (2 damage)
             ... on level 3 of the Dungeon.
             The game lasted 00:05:50 (2445 turns).

shakethe the Firebug (Gargoyle Fire Elementalist)   Turns: 2445, Time: 00:05:51

Health: 0/24       AC:  5    Str: 11    XL:     4   Next: 81%
Magic:  3/8        EV: 12    Int: 17    God:
Gold:   122        SH:  0    Dex: 10    Spells: 8/9 levels left

rFire    . . .     SeeInvis .   m - +2 short sword (speed)
rCold    . . .     Gourm    .   (no shield)
rNeg     + . .     Faith    .   a - +0 robe
rPois    ∞         Spirit   .   (no helmet)
rElec    +         Reflect  .   (no cloak)
rCorr    .         Harm     .   (no gloves)
MR       .....                  (no boots)
Stlth    ++........             (no amulet)
HPRegen  0.08/turn              (no ring)
MPRegen  0.11/turn              (no ring)

@: no status effects
A: negative energy resistance 1, electricity resistance, unbreathing,
petrification resistance, rot immunity, AC +3
a: no special abilities


You were on level 3 of the Dungeon.
You were not hungry.

You visited 1 branch of the dungeon, and saw 3 of its levels.

You collected 122 gold pieces.

Inventory:

Hand Weapons
 f - a +0 whip
   (You took it off a kobold on level 1 of the Dungeon)
 m - a +2 short sword of speed (weapon)
   (You took it off a kobold on level 2 of the Dungeon)
Armour
 a - a +0 robe (worn)
 k - a +0 large shield
   (You found it on level 2 of the Dungeon)
Scrolls
 d - 2 scrolls of identify {unknown}
 e - 3 scrolls of immolation {unknown}
 j - a scroll of enchant weapon {unknown}
 q - a scroll of blinking {unknown}
 r - a scroll of remove curse {unknown}
Potions
 g - a potion of heal wounds {unknown}
 h - a potion of cancellation {unknown}
 i - 2 potions of brilliance {unknown}
 l - 2 potions of lignification {unknown}
 n - 2 potions of haste {unknown}
 o - a potion of mutation {unknown}
 p - a potion of magic {unknown}
Books
 b - a book of Flames
Comestibles
 c - 6 rations
 s - 6 chunks of flesh {@w0}


   Skills:
 - Level 1.5 Dodging
 - Level 2.1 Stealth
 + Level 3.0 Spellcasting
 + Level 2.9 Conjurations
 + Level 3.9 Fire Magic


You had 8 spell levels left.
You knew the following spells:

 Your Spells              Type           Power        Failure   Level  Hunger
a - Flame Tongue          Conj/Fire      ##...        4%          1    None


Dungeon Overview and Level Annotations

Branches:
Dungeon (3/15)

Altars:

Annotations:
D:3 shakethe's ghost, amateur GrFE


Innate Abilities, Weirdness & Mutations

You are resistant to torment.
Your stone body is resilient. (AC +3)
You are immune to poison.
You resist negative energy. (rN+)
You are resistant to electric shocks. (rElec)
You can survive without breathing.
You are immune to petrification.
You are immune to rotting.


Message History

A bat comes into view.
A worm comes into view.
Aim: a leopard gecko The flame tongue misses the leopard gecko.
You now have 7/8 mp.
The bat hits you but does no damage. The leopard gecko bites you.
You take 1 damage, and have 23/24 hp.
Aim: a leopard gecko The flame tongue misses the leopard gecko.
The bat hits you. The bat closely misses you.
The leopard gecko closely misses you. The leopard gecko misses you.
The bat misses you.
You take 1 damage, and have 22/24 hp.
You now have 6/8 mp.
Aim: a leopard gecko The flame tongue hits the leopard gecko.
The bat hits you but does no damage. The leopard gecko barely misses you.
The bat barely misses you.
You now have 5/8 mp.
Aim: a leopard gecko (almost dead)
The flame tongue hits the leopard gecko.
You kill the leopard gecko!
The bat barely misses you.
You now have 4/8 mp.
Aim: a bat The flame tongue hits the bat.
You kill the bat!
You now have 3/8 mp.
Things that are here:
13 gold pieces; a leopard gecko corpse
Aim: a worm The flame tongue hits the worm.
You now have 2/8 mp.
Aim: a worm (heavily wounded)
The flame tongue hits the worm.
You kill the worm!
You can't see any susceptible monsters within range! (Use Z to cast anyway.) Unknown command.
A giant cockroach comes into view.
You see here a bat corpse.
You butcher the bat corpse.
You see here a chunk of flesh {@w0}.
Things that are here:
13 gold pieces; a leopard gecko corpse You butcher the leopard gecko corpse.
Things that are here:
13 gold pieces; 2 chunks of flesh {@w0}; a leopard gecko skeleton You see here a worm corpse.
You butcher the worm corpse.
You see here 3 chunks of flesh {@w0}.
Aim: a giant cockroach The flame tongue hits the giant cockroach.
The giant cockroach appears unharmed.
You now have 1/8 mp.
Aim: a giant cockroach The flame tongue hits the giant cockroach.
The giant cockroach closely misses you.
Health restored: 24 You now have 0/8 mp.
You hit the giant cockroach but do no damage.
The giant cockroach barely misses you.
You hit the giant cockroach.
You kill the giant cockroach!
s - 3 chunks of flesh {@w0}
There are no items here.
You now have 122 gold pieces (gained 13).
s - 5 chunks of flesh {@w0} (gained 2)
You see here a leopard gecko skeleton.
There are no objects that can be picked up here. a leopard gecko skeleton
s - 6 chunks of flesh {@w0} (gained 1)
There are no items here.
There are no items here.
You see here a leopard gecko skeleton.
You see here 19 stones.
Found a stone staircase leading up.
You start resting.
A goblin comes into view.
A hobgoblin comes into view.
The goblin shouts!
The hobgoblin shouts!
Aim: a goblin The flame tongue hits the goblin.
You kill the goblin!
Shakethe's ghost (amateur Gargoyle Fire Elementalist) comes into view.
It is wielding a weapon of venom.
You now have 3/8 mp.
Shakethe's ghost turns its malevolent gaze towards you.
Shakethe's ghost hits you.
You see here a goblin corpse.
You take 4 damage, and have 20/24 hp.
Aim: a hobgoblin The flame tongue hits the hobgoblin.
Shakethe's ghost casts a spell at you. The flame tongue hits you!
Ouch! That really hurt!
* * * LOW HITPOINT WARNING * * *
You take 15 damage, and have 5/24 hp.
MASSIVE DAMAGE!!
The hobgoblin hits you.
* * * LOW HITPOINT WARNING * * *
Shakethe's ghost hits you.
You die...

#.....(.#.....#
#...###.
#.#####.#####.#
#.....#. #
#.....#.#
##..#.#.
#####.#.#
#..#.#<
###.#.#####
#..#.##
#..........
##.#...
#..........
#..###
#.W†g......
#..#
#..@.......
#..#
.......<.....##
#...
.............#
#.#.#
.............#
#...#
.............#
##..#
.............#
..
.............#
.............#


You could see shakethe's ghost and a hobgoblin.

Vanquished Creatures
  5 adders (D:2)
  3 worms
  A dart slug (D:2)
  2 leopard geckos
  5 giant cockroaches
  6 hobgoblins
  2 jackals (D:1)
  8 bats
  3 frilled lizards (D:2)
  3 goblins
  4 kobolds
  7 rats
49 creatures vanquished.

Notes
Turn   | Place    | Note
-------+----------+-------------------------------------------
     0 | D:1      | shakethe the Gargoyle Fire Elementalist began the quest for the Orb.
     0 | D:1      | Reached XP level 1. HP: 10/10 MP: 3/3
   445 | D:1      | Reached XP level 2. HP: 15/15 MP: 3/5
  1132 | D:2      | Reached skill level 2 in Conjurations
  1132 | D:2      | Reached XP level 3. HP: 17/19 MP: 3/6
  1169 | D:2      | Found a faded altar of an unknown god.
  1287 | D:2      | HP: 4/19 [adder (2)]
  1591 | D:2      | Reached XP level 4. HP: 13/24 MP: 3/8
  2196 | D:2      | Reached skill level 3 in Spellcasting
  2441 | D:3      | Noticed shakethe's ghost (amateur GrFE)
  2444 | D:3      | HP: 5/24 [shakethe's ghost/flame tongue (16)]
  2445 | D:3      | HP: 2/24 [hobgoblin (3)]
  2445 | D:3      | Slain by shakethe's ghost

Skill      XL: |  1  2  3  4 |
---------------+-------------+-----
Conjurations   | 2 |  2.9
Spellcasting   | 3 |  3.0
Dodging        | |  1.5
Stealth        | |  2.1
Fire Magic     | |  3.9

Action                   |  1- 3 |  4- 6 || total
-------------------------+-------+-------++-------
Melee: Whip              |    74 |       ||    74
       Unarmed           |    11 |       ||    11
       Short sword       |       |    20 ||    20
 Cast: Flame Tongue      |    38 |    42 ||    80
  Eat: Chunk             |     2 |     3 ||     5
Armor: Robe              |    55 |    12 ||    67
Dodge: Dodged            |   117 |    22 ||   139

Vault maps used:
D:1:      dpeg_arrival_shelter
D:2:      chequers_ecumenical_altar_twisty
D:3:      minmay_overflow_temple_star_quad, first_ration

Table legend:
 A = Turns spent in this place as a percentage of turns spent in the entire game.
 B = Non-inter-level travel turns spent in this place as a percentage of non-inter-level travel turns spent in the entire game.
 C = Inter-level travel turns spent in this place as a percentage of turns spent in this place.
 D = Turns resting spent in this place as a percentage of non-inter-level travel turns spent in this place.
 E = Turns spent auto-exploring this place as a percentage of non-inter-level travel turns spent in this place.
 F = Non-inter-level travel turns spent in this place divided by the number of levels of this place that you've seen.
                   A       B       C       D       E      F
               +-------+-------+-------+-------+-------+----------------------
         Total | 100.0 | 100.0 |   0.0 |  32.1 |  41.0 | 815.0
       Dungeon | 100.0 | 100.0 |   0.0 |  32.1 |  41.0 | 815.0
               +-------+-------+-------+-------+-------+----------------------

Table legend:
 A = Kills in this place as a percentage of kills in entire the game.
 B = Kills by you in this place as a percentage of kills by you in the entire game.
 C = Kills by friends in this place as a percentage of kills by friends in the entire game.
 D = Other kills in this place as a percentage of other kills in the entire game.
 E = Experience gained in this place as a percentage of experience gained in the entire game.
 F = Experience gained in this place divided by the number of levels of this place that you have seen.
                   A       B       C       D       E      F
               +-------+-------+-------+-------+-------+----------------------
         Total | 100.0 | 100.0 |   N/A |   N/A | 100.0 |  50.0
       Dungeon | 100.0 | 100.0 |   N/A |   N/A | 100.0 |  50.0
               +-------+-------+-------+-------+-------+----------------------
